 Dungeon Crawl Stone Soup version 0.19.1-1-g22dce08 (webtiles) character file.

86 Gargoyl the Skirmisher (level 4, -2/40 HPs)
             Began as a Ghoul Abyssal Knight on Dec 30, 2016.
             Was a Believer of Lugonu.
             Slain by an ogre
             ... wielding a +0 giant club
              (8 damage)
             ... on level 4 of the Dungeon.
             The game lasted 00:05:47 (1720 turns).

Gargoyl the Skirmisher (Ghoul Abyssal Knight)       Turns: 1720, Time: 00:05:48

Health: -2/40      AC: 10    Str: 15    XL:     4   Next: 49%
Magic:  4/4        EV:  3    Int:  7    God:    Lugonu [**....]
Gold:   151        SH:  6    Dex:  9    Spells: 0 memorised, 3 levels left

rFire  . . .     SeeInvis .     m - +0 spear
rCold  + . .     Gourm    .     u - +0 chain mail
rNeg   + + +     Faith    .     f - +0 shield
rPois  ∞         Spirit   .     h - +0 helmet
rElec  .         Reflect  .     (no cloak)
rCorr  .         Harm     .     (no gloves)
MR     .....                    (no boots)
Stlth  ..........               (no amulet)
                                (no ring)
                                (no ring)

@: very slightly contaminated, rotting, invisible
A: rotting body, claws 1, carnivore 3, cold resistance 1, negative energy
resistance 3, slow regeneration 1, torment resistance, unbreathing
a: Depart the Abyss, Bend Space, Renounce Religion


You were on level 4 of the Dungeon.
You worshipped Lugonu.
Lugonu was pleased with you.
You were not hungry.

You visited 1 branch of the dungeon, and saw 3 of its levels.
You visited the Abyss 1 time.

You collected 151 gold pieces.

Inventory:

Hand Weapons
 a - a +2 hand axe
 m - a +0 spear (weapon)
Armour
 f - a +0 shield (worn)
 h - a +0 helmet (worn)
 u - a +0 chain mail (worn)
Scrolls
 n - a scroll of identify
 o - 2 scrolls of teleportation
 r - 2 scrolls of remove curse
Potions
 q - a potion of agility
Comestibles
 c - a meat ration
 i - a royal jelly
 j - 2 slices of pizza
 l - a beef jerky
 s - a chunk of flesh


   Skills:
 + Level 3.8 Fighting
 + Level 2.5 Axes
 * Level 2.7 Armour
 + Level 1.1 Dodging
 + Level 0.1 Shields
 * Level 2.6 Invocations


You had 3 spell levels left.
You didn't know any spells.

Dungeon Overview and Level Annotations

Branches:
Dungeon (2/15)

Altars:
Qazlal
Vehumet


Innate Abilities, Weirdness & Mutations

Your body is rotting away.
You thrive on raw meat.
You are immune to poison.
You have sharp fingernails.
You are carnivorous and can eat meat at any time.
Your flesh is cold resistant. (rC+)
You are immune to negative energy. (rN+++)
You regenerate slowly when monsters are visible.
You are immune to unholy pain and torment.
You can survive without breathing.


Message History

You block the ogre's attack.
Your shield and chain mail prevent you from hitting the ogre.
The ogre is moderately wounded.
The ogre hits you with a giant club!
* * * LOW HITPOINT WARNING * * *
You hear the slow rusting of a very distant drain.
It was a potion of invisibility.
You fade into invisibility!
You are very lightly contaminated with residual magic.
It was a potion of curing.
You feel better. The ogre hits you with a giant club!
* * * LOW HITPOINT WARNING * * *
You strike the helpless ogre from behind!
You hit the ogre.
The ogre is moderately wounded.
m - a +0 spear (weapon)
You hit the ogre but do no damage.
The ogre is moderately wounded.
The ogre hits you with a giant club!
You die...

#.......
###**#####..####.
#..,,,...#..####.
#.######.#..#....
#.##..........##.
##.##.###.........
#.....# #.#...####
#.O######.##.##
#@........##.#
#.##########.# **#.#
*#+#* *,..# **,,,**
*.###* **,,,,,**
#.**,*** **,,,,,,,**
**#,,,,,,***,,,,,,,,,*
*,,,,,,,,,,+,,,,,,,,,+
*,***,,,,***,,,,,,,,,*


You could see an ogre.

Vanquished Creatures
  Robin (D:2)
  A gnoll (D:1)
  An adder (D:2)
  An ooze (D:2)
  A worm (D:2)
  3 leopard geckos (D:1)
  4 bats
  5 giant cockroaches
  8 goblins
  6 hobgoblins
  5 kobolds
  A quokka (D:4)
  2 ball pythons (D:2)
  3 frilled lizards
  A rat (D:1)
43 creatures vanquished.

Notes
Turn   | Place    | Note
-------+----------+-------------------------------------------
     0 | Abyss:1  | Gargoyl the Ghoul Abyssal Knight began the quest for the Orb.
     0 | Abyss:1  | Reached XP level 1. HP: 19/19 MP: 1/1
    32 | Abyss:1  | Found a corrupted altar of Lugonu.
   233 | Abyss:1  | Noticed a starcursed mass
   234 | D:1      | Escaped the Abyss
   506 | D:1      | Reached skill level 1 in Dodging
   506 | D:1      | Reached XP level 2. HP: 9/23 MP: 2/2
   565 | D:1      | Reached * piety under Lugonu
   788 | D:1      | Reached XP level 3. HP: 29/30 MP: 3/3
  1114 | D:2      | Found a radiant altar of Vehumet.
  1189 | D:2      | Noticed Robin
  1213 | D:2      | Killed Robin
  1257 | D:2      | Reached XP level 4. HP: 35/40 MP: 4/4
  1266 | D:2      | Found a stormy altar of Qazlal.
  1326 | D:2      | Reached ** piety under Lugonu
  1610 | D:2      | You fall through a shaft for 2 floors!
  1689 | D:4      | Noticed an ogre
  1720 | D:4      | Slain by an ogre

Skill      XL: |  1 |
---------------+----+-----
Axes           | 2 |  2.5
Armour         | 2 |  2.7
Dodging        | 1 |  1.1
Fighting       | |  3.8
Shields        | |  0.1
Invocations    | |  2.6

Action                   |  1- 3 |  4- 6 || total
-------------------------+-------+-------++-------
Melee: Hand axe          |    85 |    58 ||   143
       Spear             |       |     1 ||     1
Invok: Depart the Abyss  |     1 |       ||     1
  Use: Potion            |     1 |     2 ||     3
       Scroll            |     3 |     3 ||     6
 Stab: Invisible         |       |     1 ||     1
  Eat: Chunk             |    17 |     2 ||    19
Armor: Leather armour    |     9 |       ||     9
       Scale mail        |    35 |    29 ||    64
Dodge: Dodged            |    43 |    15 ||    58
Block: Shield            |    31 |    18 ||    49
